 Dungeon Crawl Stone Soup version 0.30.0 (webtiles) character file.

Game seed: 14674044048935968368

3554 Dhd the Sneak (level 9, 0/69 HPs)
             Began as a Vampire Enchanter on May 17, 2023.
             Was a Follower of Kikubaaqudgha.
             Slain by a troll (1 damage)
             ... on level 7 of the Dungeon on May 18, 2023.
             The game lasted 01:28:56 (13255 turns).

Dhd the Sneak (Vampire Enchanter)                  Turns: 13255, Time: 01:28:57

Health: 0/69       AC:  4    Str:  9    XL:     9   Next: 83%
Magic:  10/16      EV: 14    Int: 19    God:    Kikubaaqudgha [*.....]
Gold:   191        SH:  4    Dex: 15    Spells: 6/18 levels left

rFire   . . .        a - +2 dagger (venom)
rCold   . . .        K - +0 buckler
rNeg    . . .        k - +0 robe
rPois   .            v - +0 helmet
rElec   .            y - +0 cloak
rCorr   .            (no gloves)
SInv    +            (no boots)
Will    .....        (no amulet)
Stlth   +++          (no ring)
HPRegen 0.51/turn    (no ring)
MPRegen 0.15/turn

%: no passive effects
@: confusing by touch, healing quickly
A: alive, fangs 3, see invisible, vampiric 2
a: Exsanguinate, Renounce Religion, Unearth Wretches


You were on level 7 of the Dungeon.
You worshipped Kikubaaqudgha.
Kikubaaqudgha was aware of your devotion.
You visited 2 branches of the dungeon, and saw 9 of its levels.

You collected 478 gold pieces.
You spent 287 gold pieces at shops.

Inventory:

Hand Weapons
 a - a +2 dagger of venom (weapon)
 b - a +0 sling
 i - a +0 morningstar
 l - a +0 trident
Missiles
 j - 53 stones (quivered)
 p - 3 atropa-tipped darts
 F - 6 poisoned darts
 G - a throwing net {!f}
 I - a curare-tipped dart {!f}
Armour
 k - a +0 robe (worn)
 t - a +0 leather armour
 v - a +0 helmet (worn)
 y - a +0 cloak (worn)
 K - a +0 buckler (worn)
Magical Staves
 o - a staff of air
 s - a staff of poison
Jewellery
 q - an amulet of faith
Wands
 J - a wand of polymorph (13)
Scrolls
 d - a scroll of amnesia
 e - a scroll of teleportation {@r2}
 f - a scroll of silence
 r - a scroll of enchant weapon {unknown}
 z - a scroll of blinking
 A - 4 scrolls of immolation {!r}
 B - a scroll of fear
 D - 2 scrolls of vulnerability {unknown}
 E - a scroll of fog {unknown}
Potions
 c - a potion of degeneration {unknown}
 g - 2 potions of brilliance
 h - 3 potions of might
 m - a potion of flight
 n - 4 potions of curing {@q1}
 u - 2 potions of ambrosia
 w - a potion of heal wounds {@q2}
 x - 2 potions of cancellation
 C - a potion of attraction {unknown}
Miscellaneous
 H - a piece from Xom's chessboard (15/15)


   Skills:
 + Level 5.7 Fighting
 - Level 4.0 Short Blades
 + Level 6.0 Dodging
 - Level 7.0 Stealth
 + Level 2.4 Shields
 - Level 5.0 Spellcasting
 - Level 7.0 Hexes
 + Level 6.7 Necromancy
 - Level 2.0 Ice Magic
 - Level 3.0 Evocations


You had 6 spell levels left.
You knew the following spells:

 Your Spells              Type           Power      Damage    Failure   Level
a - Ensorcelled Hibernat  Hex/Ice        42%        N/A       4%          2
b - Confusing Touch       Hex            31%        N/A       3%          3
c - Tukima's Dance        Hex            31%        N/A       3%          3
d - Dispel Undead         Necr           30%        3d14      12%         4

Your spell library contained the following spells:

 Spells                   Type           Power      Damage    Failure   Level
 Necrotise                Necr           100%       1d9       1%          1
 Sublimation of Blood     Necr           30%        N/A       1%          2
 Vampiric Draining        Necr           30%        2d8       3%          3
 Cigotuvi's Dreadful Rot  Necr/Pois/Air  26%        N/A       12%         2
 Dazzling Flash           Conj/Hex       36%        N/A       13%         3
 Sandblast                Erth           8%         2d5       19%         1
 Passwall                 Tmut/Erth      3%         N/A       28%         2
 Static Discharge         Conj/Air       8%         2-3/arc   28%         2
 Ignite Poison            Fire/Tmut/Pois 4%         N/A       50%         3
 Stone Arrow              Conj/Erth      8%         3d7       50%         3
 Airstrike                Air            2%         2d(1-17)  88%         4
 Summon Lightning Spire   Summ/Air       4%         N/A       88%         4
 Death Channel            Necr           15%        N/A       88%         6
 Freezing Cloud           Conj/Ice/Air   3%         6-21      99%         5


Dungeon Overview and Level Annotations

Branches:
Dungeon (8/15) Zot: 25916  Temple (1/1) D:4 Zot: 5955
   Lair: D:8-11

Altars:
Ashenzari
Cheibriados
Dithmenos
Fedhas
Gozag
Hepliaklqana
Kikubaaqudgha
Makhleb
Nemelex Xobeh
Okawaru
Qazlal
Ru
Sif Muna
Trog
Uskayaw
Vehumet
Wu Jian
Xom
Yredelemnul

Annotations:
D:6 Dowan
D:7 exclusion: downstairs


Innate Abilities, Weirdness & Mutations

Your natural rate of healing is accelerated.
You have razor-sharp teeth.
You have supernaturally acute eyesight. (SInv)
You are afflicted with vampirism and can become a bat while bloodless.


Message History

Aiming: Ensorcelled Hibernation (safe; 4% risk of failure)
Press: ? - help, Shift-Dir - straight line, f/p - troll
Aim: a troll (chance to affect: 53%)
Okay, then.
Casting: Ensorcelled Hibernation (safe; 4% risk of failure)
Confirm with . or Enter, or press ? or * to list all spells.
Aiming: Ensorcelled Hibernation (safe; 4% risk of failure)
Press: ? - help, Shift-Dir - straight line, f/p - troll
Aim: a troll (chance to affect: 53%)
The troll resists with significant effort.
Casting: Ensorcelled Hibernation (safe; 4% risk of failure)
Confirm with . or Enter, or press ? or * to list all spells.
Aiming: Ensorcelled Hibernation (safe; 4% risk of failure)
Press: ? - help, Shift-Dir - straight line, f/p - troll
Aim: a troll (chance to affect: 53%)
The troll looks drowsy...
The helpless troll fails to defend itself.
You impale the troll!!
The troll is poisoned.
Your bite misses the troll.
The troll is almost dead.
The troll barely misses you. The troll claws you! The troll claws you.
Casting: Ensorcelled Hibernation (safe; 4% risk of failure)
Confirm with . or Enter, or press ? or * to list all spells.
Your hands begin to glow red.
The troll bites you. The troll claws you but does no damage.
The troll claws you.
You barely miss the troll.
The troll is almost dead.
The troll bites you! The troll misses you. The troll barely misses you.
You closely miss the troll.
The troll is almost dead.
The troll bites you!
* * * LOW HITPOINT WARNING * * *
You block the troll's attack. The troll claws you!
* * * LOW HITPOINT WARNING * * *
You hit the troll but do no damage.
The troll is almost dead.
The troll bites you!
* * * LOW HITPOINT WARNING * * *
The troll claws you.
You die...
Kikubaaqudgha rasps: "You have failed me!
Welcome... death!"

#..# ### #...###... #..###.####
#....#.... ##..##.....###
##........ #...##.......###
#........
##...#.........#######........
#...#........................ #
##........................... ##
##..........T............... .#
##..#.....@................ .##
#...#..................... ..##
##..#..................... ...##
#..##....................
#...#####..###...................
#.....##..## ###.................
##........# ##..............##
###.....## ##..#..........##
####### ##..#########...#


You could see a troll (very poisoned).

Vanquished Creatures
  A two-headed ogre (D:7)
  Maggie (D:8)
  A troll (D:7)
  Grinder (D:5)
  An orc warrior (D:7)
  A sky beast (D:6)
  An ice beast (D:8)
  An ogre (D:4)
  5 black bears
  2 centaurs
  A kobold brigand (D:6)
  2 scorpions
  4 killer bees (D:7)
  2 howler monkeys (D:5)
  5 hounds
  5 jellies
  2 orc priests (D:3)
  A sleepcap (D:5)
  Jessica (D:3)
  6 orc wizards
  Robin (D:2)
  7 gnolls
  10 adders
  3 shadow imps (D:5)
  2 white imps
  An ufetubus (D:5)
  2 worms (D:2)
  3 dart slugs
  11 orcs
  6 ball pythons
  4 bats
  4 endoplasms
  2 giant cockroaches
  11 goblins
  10 hobgoblins
  16 jackals
  5 quokkas
  6 frilled lizards
  15 kobolds
  4 rats
167 creatures vanquished.

Vanquished Creatures (others)
  40 fungi (D:8)
  47 plants (D:8)
87 creatures vanquished.

Grand Total: 254 creatures vanquished

Notes
Turn   | Place    | Note
-------+----------+-------------------------------------------
     0 | D:1      | Dhd the Vampire Enchanter began the quest for the Orb.
     0 | D:1      | Reached XP level 1. HP: 13/13 MP: 3/3
   416 | D:1      | Reached XP level 2. HP: 20/20 MP: 5/5
   424 | D:1      | Learned a level 2 spell: Ensorcelled Hibernation
   655 | D:1      | Found Elemumnev's Magic Scroll Boutique.
  1047 | D:2      | Gained mutation: You are afflicted with vampirism and can
                  | become a bat while bloodless. [Vampire growth]
  1047 | D:2      | Reached XP level 3. HP: 25/25 MP: 1/6
  1105 | D:2      | Reached skill level 5 in Stealth
  1247 | D:2      | Reached skill level 1 in Fighting
  1304 | D:2      | Reached skill level 1 in Ice Magic
  1530 | D:2      | Reached skill level 5 in Hexes
  1571 | D:2      | Reached XP level 4. HP: 32/32 MP: 4/7
  1823 | D:2      | Noticed Robin
  2735 | D:2      | Killed Robin
  3463 | D:2      | Learned a level 3 spell: Confusing Touch
  3467 | D:2      | Learned a level 3 spell: Tukima's Dance
  3903 | D:3      | Reached XP level 5. HP: 37/37 MP: 6/9
  4024 | D:3      | Noticed a black bear
  4160 | D:3      | Killed a black bear
  4161 | D:3      | Reached XP level 6. HP: 43/43 MP: 8/12
  4294 | D:3      | Noticed Jessica
  4540 | D:3      | Killed Jessica
  5385 | D:1      | Bought a scroll of identify for 28 gold pieces
  5385 | D:1      | Bought a scroll of identify for 28 gold pieces
  5385 | D:1      | Bought a scroll of identify for 28 gold pieces
  5996 | D:4      | Found a burning altar of Makhleb.
  6156 | D:4      | Found a staircase to the Ecumenical Temple.
  6170 | Temple   | Entered the Ecumenical Temple
  6206 | Temple   | Became a worshipper of Kikubaaqudgha
  6221 | D:4      | Learned a level 4 spell: Dispel Undead
  6280 | D:4      | Reached XP level 7. HP: 51/51 MP: 10/13
  6325 | D:4      | Found an ornate altar of the Wu Jian Council.
  6650 | D:1      | Bought a scroll of blinking for 105 gold pieces
  7358 | D:4      | Noticed a spectral centipede
  7358 | D:4      | Noticed a spectral black mamba
  7358 | D:4      | Noticed a spectral cane toad
  7446 | D:5      | Entered Level 5 of the Dungeon
  7529 | D:5      | Found a sparkling altar of Nemelex Xobeh.
  7627 | D:5      | Noticed Grinder
  7638 | D:5      | Killed Grinder
  7639 | D:5      | Reached skill level 5 in Spellcasting
  7639 | D:5      | Reached skill level 1 in Necromancy
  7769 | D:5      | Reached XP level 8. HP: 58/58 MP: 15/15
  8389 | D:5      | Reached * piety under Kikubaaqudgha
  8389 | D:5      | Received a gift from Kikubaaqudgha
  8565 | D:1      | Bought a scroll of immolation for 56 gold pieces
  8565 | D:1      | Bought a scroll of teleportation for 42 gold pieces
  9031 | D:6      | Reached skill level 5 in Dodging
  9108 | D:6      | Found a shimmering altar of Xom.
  9212 | D:6      | Noticed Dowan
  9852 | D:6      | Found a blossoming altar of Fedhas.
 12171 | D:8      | Noticed Maggie
 12176 | D:8      | Killed Maggie
 12177 | D:8      | Reached skill level 5 in Fighting
 12177 | D:8      | Reached skill level 5 in Necromancy
 12177 | D:8      | Reached skill level 1 in Evocations
 12177 | D:8      | Reached XP level 9. HP: 58/68 MP: 11/16
 12178 | D:8      | Noticed a two-headed ogre
 12423 | D:8      | Noticed a troll
 12531 | D:7      | Killed a troll
 12711 | D:8      | Noticed a gargoyle
 12816 | D:7      | Killed a two-headed ogre
 13111 | D:8      | Noticed a komodo dragon
 13111 | D:8      | Noticed a troll
 13255 | D:7      | HP: 1/69 [troll (14)]
 13255 | D:7      | Slain by a troll

Illustrated notes

Levels and vault maps discovered:
D:1:      dpeg_arrival_shrine, layout_loops_ring, serial_glass, glass_columns_a,
          glass_columns_b, serial_shops, nicolae_shop_stone, minmay_pentomino_q2
D:2:      layout_loops_ring, kennysheep_generic_room_6, uniq_robin
D:3:      layout_rooms, uniq_jessica
D:4:      layout_loops_corners, pdpol_wu_jian_five_deadly_venoms,
          mainiacjoe_overflow_surrounded_room, minmay_temple_entry_tees
D:5:      layout_loops_ring, amcnicky_altar_gilded, nicolae_fountain_basement,
          uniq_grinder
D:6:      layout_loops_corners, lemuel_coloured_pillars_altar, tgw_xom,
          uniq_duvessa
D:7:      layout_layer_cave
D:8:      layout_rooms, due_lair_maze_entry_diamond, minmay_radiant, uniq_maggie
Temple:   sentei_temple_godly_chess

Skill      XL: |  1  2  3  4  5  6  7  8  9 |
---------------+----------------------------+-----
Short Blades   | 2 3 4 |  4.0
Stealth        | 5 6 7 |  7.0
Fighting       | 1 2 3 5 |  5.7
Ice Magic      | 1 2 |  2.0
Hexes          | 5 6 7 |  7.0
Spellcasting   | 3 4 5 |  5.0
Dodging        | 3 4 5 6 |  6.0
Necromancy     | 1 5 6 |  6.7
Evocations     | 1 3 |  3.0
Shields        | 2 |  2.4

Action                     |  1- 3 |  4- 6 |  7- 9 || total
---------------------------+-------+-------+-------++-------
  Melee: Dagger            |    59 |    88 |   159 ||   306
         Bite              |     5 |       |    22 ||    27
         Punch             |     1 |     2 |     3 ||     6
   Fire: Sling             |    43 |    35 |       ||    78
  Throw: Stone             |       |    10 |    15 ||    25
         Dart              |       |     4 |     5 ||     9
   Cast: Ensorcelled Hiber |    15 |    73 |    61 ||   149
         Confusing Touch   |       |     4 |    18 ||    22
         Tukima's Dance    |       |       |     6 ||     6
  Evoke: Wand              |       |       |     1 ||     1
    Use: Potion            |       |     2 |     3 ||     5
         Scroll            |       |     6 |     6 ||    12
   Stab: Sleeping          |     9 |    48 |    49 ||   106
         Confused          |       |     1 |     7 ||     8
 Armour: Robe              |    20 |    22 |    35 ||    77
  Dodge: Dodged            |    41 |    68 |    83 ||   192
  Block: Buckler           |       |       |     1 ||     1
